 Dungeon Crawl Stone Soup version 0.27-a0-1219-g958d993ae5 (webtiles) character file.

Game seed: 16019765207793252381

18 sanka the Charlatan (level 2, -1/24 HPs)
             Began as a Djinni Artificer on June 6, 2021.
             Slain by a jackal (3 damage)
             ... on level 1 of the Dungeon.
             The game lasted 00:01:52 (2024 turns).

sanka the Charlatan (Djinni Artificer)              Turns: 2024, Time: 00:01:53

Health: -1/24      AC:  4    Str: 11    XL:     2   Next: 85%
Gold:   0          EV: 11    Int: 12    God:
                   SH:  0    Dex: 13

rFire    + + .     SeeInvis .   a - +0 club
rCold    x . .     Faith    .   (no shield)
rNeg     . . .     Spirit   .   b - +0 leather armour
rPois    ∞         Reflect  .   (no helmet)
rElec    .         Harm     .   (no cloak)
rCorr    .         Rampage  .   g - +0 pair of gloves
Will     .....                  (boots unavailable)
Stlth    +.........             (no amulet)
HPRegen  0.08/turn              (no ring)
MPRegen  0.00/turn              j - ring of wizardry

@: flying
A: sickness immunity, fire resistance 2, cold vulnerability 1, float, innate
caster, hp casting, extra vitality 1
a: no special abilities


You were on level 1 of the Dungeon.
You visited 1 branch of the dungeon, and saw 2 of its levels.


Innate Abilities, Weirdness & Mutations

You are immune to sickness and miasma.
You are immune to poison.
Your flesh is very heat resistant. (rF++)
You are vulnerable to cold. (rC-)
You float through the air rather than walking.
You learn spells naturally, not from books.
Your magical power is your life essence.
You have superior vitality. (+4 HP)


   Skills:
 + Level 2.5 Fighting
 - Level 1.0 Armour
 - Level 2.1 Dodging
 - Level 0.7 Stealth
 - Level 3.0 Evocations


You had one spell level left.
You didn't know any spells.
Your spell library was empty.

Inventory:

Hand Weapons
 a - a +0 club (weapon)
Armour
 b - a +0 leather armour (worn)
 g - a +0 pair of gloves (worn)
Jewellery
 j - a ring of wizardry (right hand)
Wands
 c - a wand of flame (15) (quivered)
 d - a wand of charming (15)
Scrolls
 h - 5 scrolls of identify {unknown}
 i - a scroll of magic mapping {unknown}
 k - a scroll of enchant weapon {unknown}
 m - a scroll of fear {unknown}
Potions
 f - 2 potions of ambrosia {unknown}
 l - 2 potions of brilliance {unknown}
Miscellaneous
 e - a piece from Xom's chessboard (15/15)

Dungeon Overview and Level Annotations

Branches:
Dungeon (2/15)

Altars:

.....▒▒▒.▒▒.▒ ▒.▒
▒▒▒▒........▒ ▒.▒ ▒
▒▒▒▒▒.▒▒▒▒ ▒.▒▒▒▒▒ ▒▒
▒▒+▒▒ ▒.....▒ .▒
▒▒...▒▒ ▒▒▒▒▒.▒ .▒
▒▒.....▒▒ ▒▒▒▒.▒ .▒
▒▒.......▒▒ ▒▒.▒▒.▒
.▒▒▒.........▒▒▒▒...▒.▒
.........>...'hhR.....▒
.▒▒▒.........▒▒▒▒.....▒
.▒ ▒........▒▒ ▒..▒▒▒▒
.▒ ▒.▒.....▒▒ ▒.▒▒ .▒
▒.▒▒...▒▒ ▒.▒ ▒▒
▒.▒▒▒'▒▒ ▒.▒ ▒▒▒▒.▒ ▒.▒
▒.▒ .....▒ ▒.▒ ▒.▒
▒▒▒▒▒▒▒▒.▒▒ ▒.▒


You could see 2 jackals.


Message History

You completely miss the jackal. The jackal bites you.
* * * LOW HITPOINT WARNING * * *
The jackal bites you.
* * * LOW HITPOINT WARNING * * *
You closely miss the jackal. The jackal misses you. The jackal bites you.
* * * LOW HITPOINT WARNING * * *
You barely miss the jackal. The jackal misses you.
The jackal bites you but does no damage.
You miss the jackal. The jackal bites you.
* * * LOW HITPOINT WARNING * * *
You closely miss the jackal. The jackal closely misses you.
The jackal bites you but does no damage.
You closely miss the jackal. The jackal bites you.
* * * LOW HITPOINT WARNING * * *
The jackal bites you but does no damage.
You hit the jackal.
The jackal is moderately wounded.
The jackal bites you but does no damage.
The jackal closely misses you.
You hit the jackal but do no damage.
The jackal is moderately wounded.
The jackal bites you.
You die...

Action                   || total
-------------------------++-------
Melee: Club              ||   112
Armor: Leather armour    ||    57
Dodge: Dodged            ||    86

Levels and vault maps discovered:
D:1:      dpeg_arrival_round_b, layout_loops_corners
D:2:      layout_basic, shapermc_ecumenical_altar_mp_highgroup, basic_altar,
          serial_shops, nicolae_shop_crystal, uniq_crazy_yiuf_cottage

Notes
Turn   | Place    | Note
-------+----------+-------------------------------------------
     0 | D:1      | sanka the Djinni Artificer began the quest for the Orb.
     0 | D:1      | Reached XP level 1. HP: 17/17 MP: 0/0
   621 | D:1      | Reached XP level 2. HP: 23/23 MP: 0/0
   626 | D:1      | Reached skill level 2 in Fighting
  1710 | D:1      | HP: 1/24 [worm (5)]
  2022 | D:1      | HP: 2/24 [jackal (2)]
  2024 | D:1      | Slain by a jackal

Vanquished Creatures
  3 bats (D:1)
  An endoplasm (D:1)
  3 goblins (D:1)
  2 hobgoblins (D:1)
  A jackal (D:1)
  4 kobolds (D:1)
  2 rats (D:1)
16 creatures vanquished.
